 Dungeon Crawl Stone Soup version 0.20-a0-454-g2b43fbb (webtiles) character file.

184 HarleyQuinn the Twirler (level 5, -14/38 HPs)
             Began as a Demonspawn Gladiator on Jan 9, 2017.
             Was an Initiate of Okawaru.
             Demolished by an angel
             ... wielding a +1 whip of holy wrath
              (22 damage)
             ... on level 2 of the Abyss.
             The game lasted 00:04:06 (3651 turns).

HarleyQuinn the Twirler (Demonspawn Gladiator)      Turns: 3651, Time: 00:04:06

Health: -14/38     AC:  6    Str: 14    XL:     5   Next: 36%
Magic:  7/7        EV: 12    Int: 11    God:    Okawaru [......]
Gold:   117        SH:  0    Dex: 14    Spells: 4/4 levels left

rFire  . . .     SeeInvis .     a - +0 quarterstaff
rCold  . . .     Gourm    .     b - +0 leather armour
rNeg   . . .     Faith    .     (shield currently unavailable)
rPois  .         Spirit   .     c - +0 helmet
rElec  .         Reflect  .     (no cloak)
rCorr  .         Harm     .     (no gloves)
MR     .....                    (no boots)
Stlth  +.........               (no amulet)
                                (no ring)
                                (no ring)

@: glowing
A: yellow scales 1, powered by death 2
a: Renounce Religion


You were on level 2 of the Abyss.
You worshipped Okawaru.
Okawaru was noncommittal.
You were not hungry.

You visited 1 branch of the dungeon, and saw 3 of its levels.
You visited the Abyss 1 time.

You collected 117 gold pieces.

Inventory:

Hand Weapons
 a - a +0 quarterstaff (weapon)
Missiles
 d - 3 throwing nets (quivered)
Armour
 b - a +0 leather armour (worn)
 c - a +0 helmet (worn)
Scrolls
 e - 4 scrolls of identify {unknown}
 j - 2 scrolls of teleportation {unknown}
 k - 2 scrolls of recharging {unknown}
 o - 3 scrolls of fog {unknown}
 q - a scroll of amnesia {unknown}
Potions
 g - a potion of magic {unknown}
 i - a potion of flight
 l - 2 potions of curing
 m - a potion of brilliance {unknown}
 n - 2 potions of cure mutation
 t - a potion of degeneration {unknown}
Comestibles
 f - 3 bread rations
 h - a meat ration
 p - 3 fruits
 s - 4 chunks of flesh


   Skills:
 - Level 2.0 Fighting
 + Level 4.8 Staves
 - Level 1.7 Throwing
 - Level 2.6 Dodging
 - Level 3.6 Invocations


You had 4 spell levels left.
You didn't know any spells.

Dungeon Overview and Level Annotations

Branches:
Dungeon (3/15)

Altars:
Gozag
Nemelex Xobeh
Okawaru

Annotations:
D:2 1 exclusion


Innate Abilities, Weirdness & Mutations

You are partially covered in yellow scales. (AC +2)
You regenerate health from kills.


Message History

This raw flesh tastes terrible.
You start resting.
You feel less wooden.
Your +0 helmet unmelds from your body.
Your +0 leather armour unmelds from your body.
You start resting.
You start resting.
You feel yourself growing ill in the presence of the ancient zyme.
An ancient zyme comes into view.
Found a scroll labeled XAMANI XEDGHIPS.
Found 30 gold pieces.
An angel comes into view. It is wielding a whip of holy wrath.
The angel hits you with a whip of holy wrath!
You convulse!
* * * LOW HITPOINT WARNING * * *
The angel hits you but does no damage.
An orange demon comes into view.
The angel hits you with a whip of holy wrath!!
Ouch! That really hurt!
You die...

#........### .##..#
#.##.##.#...#..#.###
#.# ..###.# #
#.###.## ## #
.#.##.#.#....##.###.#
.....................
...$................
.....................
.............@.?.....
............A........
......##......##.....
. .... #......# ....
................ ..4
.. ............. ..
.............. .
..............


You could see an angel and an orange demon.

Vanquished Creatures
  A crimson imp (D:3)
  Natasha (D:2)
  5 adders
  An ooze (D:3)
  3 worms
  3 leopard geckos
  3 orcs (D:3)
  2 giant cockroaches
  8 goblins
  9 hobgoblins
  A kobold (D:3)
  4 quokkas
  6 bats
  6 frilled lizards
  8 rats
61 creatures vanquished.

Notes
Turn   | Place    | Note
-------+----------+-------------------------------------------
     0 | D:1      | HarleyQuinn the Demonspawn Gladiator began the quest for the Orb.
     0 | D:1      | Reached XP level 1. HP: 16/16 MP: 1/1
    29 | D:1      | Reached skill level 3 in Staves
   193 | D:1      | Gained mutation: You regenerate a little health from kills. [demonic ancestry]
   193 | D:1      | Reached XP level 2. HP: 22/22 MP: 2/2
   772 | D:2      | Found an opulent altar of Gozag.
  1114 | D:2      | Reached XP level 3. HP: 25/27 MP: 3/3
  1143 | D:2      | Reached skill level 4 in Staves
  2056 | D:2      | Found a sparkling altar of Nemelex Xobeh.
  2060 | D:2      | Noticed Natasha
  2061 | D:2      | Found an iron altar of Okawaru.
  2070 | D:2      | HP: 1/27 [Natasha (4)]
  2071 | D:2      | Killed Natasha
  2071 | D:2      | Gained mutation: You regenerate health from kills. [demonic ancestry]
  2071 | D:2      | Reached XP level 4. HP: 2/33 MP: 4/4
  2078 | D:2      | Became a worshipper of Warmaster Okawaru
  2674 | D:3      | Reached skill level 1 in Invocations
  3355 | D:3      | Gained mutation: You are partially covered in yellow scales. (AC +2) [demonic ancestry]
  3355 | D:3      | Reached XP level 5. HP: 34/38 MP: 5/7
  3564 | D:3      | Cast into level 2 of the Abyss (gnoll)
  3626 | Abyss:2  | Noticed an ancient zyme
  3647 | Abyss:2  | Noticed an angel
  3651 | Abyss:2  | Noticed an orange demon
  3651 | Abyss:2  | Demolished by an angel

Vault maps used:
D:1:      minmay_arrival_five_plusses, minmay_misc_feat_rows
D:2:      grunt_gozag_statues, minitemple, first_bread, minmay_goblin_outpost,
          uniq_natasha
D:3:      serial_park_tiny_1, cheibrodos_gnoll_hut
Abyss:2:  hangedman_abyss_mock_shop

Skill      XL: |  1  2  3  4 |
---------------+-------------+-----
Staves         | 3 4 |  4.8
Invocations    | 3 |  3.6
Fighting       | |  2.0
Throwing       | |  1.7
Dodging        | |  2.6

Action                   |  1- 3 |  4- 6 || total
-------------------------+-------+-------++-------
Melee: Quarterstaff      |    97 |    81 ||   178
  Use: Potion            |       |     4 ||     4
 Stab: Sleeping          |       |     2 ||     2
  Eat: Chunk             |     4 |     5 ||     9
Armor: Leather armour    |    29 |    24 ||    53
       Skin              |       |    11 ||    11
Dodge: Dodged            |    68 |    42 ||   110
